 Dungeon Crawl Stone Soup version 0.26-a0-682-g294304f6e8 (webtiles) character file.

Game seed: 615485148315308977

3228 jasper the Cleaver (level 9, 0/72 HPs)
             Began as a Palentonga Fighter on Oct 20, 2020.
             Was an Initiate of Hepliaklqana.
             Slain by a white imp (4 damage)
             ... on level 9 of the Dungeon.
             The game lasted 00:13:37 (8424 turns).

jasper the Cleaver (Palentonga Fighter)             Turns: 8424, Time: 00:13:38

Health: 0/72       AC:  8    Str: 23    XL:     9   Next: 66%
Magic:  9/9        EV:  5    Int: 10    God:    Hepliaklqana [......]
Gold:   473        SH: 11    Dex: 10    Spells: 8/8 levels left

rFire    . . .     SeeInvis +   a - +0 war axe
rCold    . . .     Faith    .   c - +1 kite shield
rNeg     . . .     Spirit   .   u - +0 chain mail
rPois    .         Reflect  .   (no helmet)
rElec    .         Harm     .   q - scarf {repulsion}
rCorr    +         Rampage  .   (no gloves)
MR       .....                  (no barding)
Stlth    ..........             (no amulet)
HPRegen  0.22/turn              f - ring of resist corrosion
MPRegen  0.11/turn              F - ring of stealth

@: repel missiles
A: large, reduced essence, rugged brown scales 3, see invisible, clever 1,
deformed body, sense surroundings 1, roll, armoured tail
a: Rolling Charge, Recall Ancestor, Ancestor Identity, Renounce Religion


You were on level 9 of the Dungeon.
You worshipped Hepliaklqana.
Hepliaklqana was noncommittal.
You visited 2 branches of the dungeon, and saw 10 of its levels.

You collected 473 gold pieces.

Inventory:

Hand Weapons
 a - a +0 war axe (weapon)
 r - a +6 trident of protection
Missiles
 e - 205 stones (quivered)
 m - 25 poisoned darts
 z - 2 boomerangs of dispersal
Armour
 b - a +0 scale mail
 c - a +1 kite shield (worn)
 d - a scarf of shadows
 q - a scarf of repulsion (worn)
 u - a +0 chain mail (worn)
Jewellery
 f - a ring of resist corrosion (left hand)
 D - an uncursed ring of resist corrosion
 F - a ring of stealth (right hand)
Wands
 y - a wand of disintegration (5)
 C - a wand of flame (12)
 E - a wand of iceblast (18)
Scrolls
 h - 3 scrolls of remove curse
 i - a scroll of fog
 j - 4 scrolls of amnesia
 l - 2 scrolls of magic mapping
 n - 5 scrolls of teleportation
 o - 3 scrolls of enchant weapon
 p - a scroll of enchant armour
 s - a scroll of blinking {unknown}
 v - 2 scrolls of fear {unknown}
 w - 4 scrolls of noise {unknown}
 A - a scroll of vulnerability {unknown}
 H - a scroll of holy word {unknown}
Potions
 g - a potion of degeneration {unknown}
 k - 4 potions of brilliance
 t - a potion of curing {unknown}
 x - 3 potions of cancellation {unknown}
 B - a potion of stabbing {unknown}
 G - a potion of heal wounds


   Skills:
 + Level 6.2 Fighting
 * Level 9.5 Axes
 - Level 0.7 Throwing
 + Level 5.3 Armour
 - Level 1.0 Dodging
 - Level 0.5 Stealth
 + Level 5.3 Shields


You had 8 spell levels left.
You didn't know any spells.
Your spell library contained the following spells:

 Spells                   Type           Power        Failure   Level
 Animate Skeleton         Necr           #.....       99%         1
 Apportation              Tloc           #.....       99%         1
 Corona                   Hex            #......      99%         1
 Summon Small Mammal      Summ           #...         99%         1


Dungeon Overview and Level Annotations

Branches:
Dungeon (9/15)             Temple (1/1) D:4
   Lair: D:8-11         Orc: D:9-12

Altars:
Ashenzari
Cheibriados
Dithmenos
Elyvilon
Fedhas
Gozag
Hepliaklqana
Kikubaaqudgha
Makhleb
Nemelex Xobeh
Okawaru
Qazlal
Ru
Sif Muna
Trog
Uskayaw
Vehumet
Wu Jian
Xom
Yredelemnul
Zin
The Shining One

Shops:
D:4 [

Annotations:
D:3 3 runed translucent doors, YayAnonymity's ghost, amateur FoFi
D:6 1 runed translucent door, experimilk's ghost, novice GrEE


Innate Abilities, Weirdness & Mutations

You are completely covered in rugged brown scales. (AC +3, +7% HP)
You have supernaturally acute eyesight. (SInv)
Armour fits poorly on your strangely shaped body.
You can roll at foes to attack.
You have a long armoured tail.
Your life essence is reduced to manifest your ancestor. (-10% HP)
Your mind is acute. (Int +2)
You passively map a small area around you.


Message History

The orc wizard seems to speed up.
You take 8 damage, and have 9/72 hp.
You closely miss the orc wizard.
The orc wizard is heavily wounded.
You block the orc wizard's attack.
Friðuswiþ barely misses the orc wizard.
You closely miss the orc wizard.
The orc wizard is heavily wounded.
The orc wizard hits you but does no damage.
The orc wizard points at you and mumbles some strange words.
The magic dart hits you.
* * * LOW HITPOINT WARNING * * *
Friðuswiþ hits the orc wizard.
You take 3 damage, and have 6/72 hp.
You barely miss the white imp.
Your tail-slap misses the white imp.
You hit the orc wizard.
The orc wizard hits you but does no damage.
Friðuswiþ barely misses the orc wizard.
The white imp hits you.
* * * LOW HITPOINT WARNING * * *
The white imp freezes you.
You die...

* , * #....♣ *
#####....♣, ..# ,
.........♣♣ , ..## ,
..........♣♣♣♣ ♣... *
*#...........♣♣♣♣.# ,, ,
#................#** ,
#....5Ro.........# , ,,
#.....@..........######
##.......!...........<.
,
#....=.".........###...
...##[...<#.......###.#.
* ##,
###.#.######....#.#.
#.#.# ##.#÷...$ , ,
#.#.# #.....#. * , *
#.#.. #÷#####. * , * ..,
###.# #.


You could see the friendly Friðuswiþ the ancestor, an orc wizard (fast) and a
white imp.

Vanquished Creatures
  A troll (D:6)
  Edmund (D:4)
  3 orc warriors
  A sky beast (D:8)
  3 ice beasts (D:5)
  3 ogres
  A phantom (D:6)
  2 centaurs
  3 bullfrogs
  3 scorpions
  2 howler monkeys (D:5)
  3 orc priests
  Crazy Yiuf (D:4)
  2 hounds (D:6)
  2 centaur skeletons
  8 orc wizards
  2 bullfrog skeletons (D:6)
  A gnoll shaman (D:8)
  Jessica (D:3)
  An iguana (D:5)
  4 worker ants
  A killer bee zombie (D:6)
  A hound zombie (D:7)
  6 gnolls
  8 adders
  2 river rats (D:5)
  2 shadow imps
  2 ufetubi (D:6)
  An ooze (D:5)
  6 worms
  5 dart slugs
  4 leopard geckos
  29 orcs
  7 giant cockroaches
  12 goblins
  6 hobgoblins
  13 jackals
  6 kobolds
  6 quokkas
  2 ball pythons
  8 bats
  8 frilled lizards
  2 jackal zombies
  A leopard gecko skeleton (D:4)
  A quokka skeleton (D:5)
  13 rats
200 creatures vanquished.

Vanquished Creatures (collateral kills)
  A black bear (D:9)
  A bullfrog (D:9)
  A howler monkey (D:4)
  An orc priest (D:8)
  4 gnolls
  An adder (D:8)
  4 orcs
  A quokka (D:4)
14 creatures vanquished.

Vanquished Creatures (others)
  2 ancestors
  A fungus (D:9)
  9 plants
12 creatures vanquished.

Grand Total: 226 creatures vanquished

Notes
Turn   | Place    | Note
-------+----------+-------------------------------------------
     0 | D:1      | jasper the Palentonga Fighter began the quest for the Orb.
     0 | D:1      | Reached XP level 1. HP: 20/20 MP: 1/1
   157 | D:1      | Reached XP level 2. HP: 24/27 MP: 2/2
   580 | D:1      | Reached XP level 3. HP: 33/33 MP: 3/3
   723 | D:1      | Reached skill level 3 in Axes
  1622 | D:3      | Reached XP level 4. HP: 40/40 MP: 4/4
  1764 | D:3      | Noticed Jessica
  1767 | D:3      | Killed Jessica
  1767 | D:3      | Reached skill level 4 in Axes
  1821 | D:3      | Reached XP level 5. HP: 40/48 MP: 5/5
  2084 | D:3      | Found a runed translucent gate.
  2084 | D:3      | Found a runed translucent gate.
  2084 | D:3      | Found a runed translucent gate.
  2086 | D:3      | Found an opulent altar of Gozag.
  2089 | D:3      | Noticed YayAnonymity's ghost (amateur FoFi)
  2417 | D:4      | Found Aleu's Armour Emporium.
  2447 | D:4      | Noticed an ogre
  2790 | D:4      | Reached XP level 6. HP: 54/54 MP: 6/6
  2835 | D:3      | Reached skill level 5 in Axes
  2941 | D:4      | Found a shimmering altar of Xom.
  2941 | D:4      | Found a shimmering altar of Xom.
  2945 | D:4      | Found a shimmering altar of Xom.
  2948 | D:4      | Found a shimmering altar of Xom.
  2949 | D:4      | Found a shimmering altar of Xom.
  2974 | D:4      | Noticed Edmund
  3099 | D:5      | Entered Level 5 of the Dungeon
  3258 | D:5      | Noticed an ice beast
  3279 | D:5      | Killed an ice beast
  3279 | D:5      | Reached skill level 6 in Axes
  3279 | D:5      | Reached XP level 7. HP: 45/60 MP: 7/7
  3607 | D:5      | Reached skill level 1 in Dodging
  4603 | D:6      | Found a runed translucent door.
  4614 | D:6      | Noticed experimilk's ghost (novice GrEE)
  4682 | D:6      | Reached skill level 7 in Axes
  4682 | D:6      | Reached XP level 8. HP: 69/70 MP: 8/8
  4685 | D:6      | Noticed a troll
  4702 | D:6      | Gained mutation: You passively map a small area around you.
                  | [potion of mutation]
  4702 | D:6      | Gained mutation: Your mind is acute. (Int +2) [potion of
                  | mutation]
  4723 | D:6      | Killed a troll
  6133 | D:6      | Reached skill level 5 in Fighting
  6133 | D:6      | Reached skill level 8 in Axes
  6388 | D:7      | Found an ancient bone altar of Kikubaaqudgha.
  6941 | D:4      | Found a staircase to the Ecumenical Temple.
  6947 | Temple   | Entered the Ecumenical Temple
  7017 | Temple   | Became a worshipper of Hepliaklqana the Forgotten
  7024 | D:4      | Reached XP level 9. HP: 71/71 MP: 9/9
  7047 | D:4      | Killed Edmund
  7583 | D:4      | Found a runed translucent door.
  7584 | D:4      | Noticed Crazy Yiuf
  7698 | D:4      | Killed Crazy Yiuf
  7922 | D:8      | Reached skill level 9 in Axes
  7922 | D:8      | Reached skill level 5 in Shields
  7934 | D:8      | Reached skill level 5 in Armour
  8424 | D:9      | Slain by a white imp

Illustrated notes

Levels and vault maps discovered:
D:1:      onia_arrival_mini_spirals, layout_rooms
D:2:      layout_loops_ring, mrwooster_statue_mirror
D:3:      layout_rooms, serial_corexii_hall, chequers_hall_statues_y,
          corexii_hall_statues_t, ebering_ghost_gozag, minivault_24,
          chequers_big_river, nicolae_underground_beach, uniq_jessica
D:4:      layout_rooms, minmay_temple_entry_enclosed_plants, serial_shops,
          nicolae_shop_waterfront, xom_redecorated, uniq_edmund,
          uniq_crazy_yiuf_cottage
D:5:      layout_loops_ring, lightli_sewer_entry_pipes
D:6:      layout_rooms, ebering_ghost_sewer_d
D:7:      layout_basic, lemuel_crystal_altar
D:8:      layout_loops_ring, uniq_psyche
D:9:      layout_rooms, erik_orc_3, ebering_ghost_funeral_grove, uniq_grum
Temple:   grunt_wide_crystal_templ

Skill      XL: |  1  2  3  4  5  6  7  8  9 |
---------------+----------------------------+-----
Axes           | 3 4 6 7 8 9 |  9.5
Shields        | 3 4 5 |  5.3
Armour         | 3 4 5 |  5.3
Dodging        | 1 |  1.0
Fighting       | 4 5 6 |  6.2
Throwing       | |  0.7
Stealth        | |  0.5

Action                   |  1- 3 |  4- 6 |  7- 9 || total
-------------------------+-------+-------+-------++-------
Melee: War axe           |   110 |   139 |   372 ||   621
       Tailslap          |    13 |     8 |    43 ||    64
Throw: Stone             |    50 |    21 |    47 ||   118
 Abil: Rolling Charge    |    22 |    13 |    43 ||    78
Evoke: Wand              |       |       |     9 ||     9
  Use: Potion            |     1 |     2 |     5 ||     8
       Scroll            |       |     6 |     1 ||     7
 Stab: Sleeping          |       |     1 |     1 ||     2
       Distracted        |       |       |     1 ||     1
Armor: Scale mail        |    35 |       |       ||    35
       Chain mail        |    11 |    87 |   147 ||   245
       Skin              |       |     8 |     4 ||    12
Dodge: Dodged            |    17 |    23 |    53 ||    93
Block: Kite shield       |    48 |    79 |   222 ||   349

Table legend: (Time is in decaauts)
 A = Elapsed time spent in this place.
 B = Non-inter-level travel time spent in this place.
 C = Inter-level travel time spent in this place.
 D = Time resting spent in this place.
 E = Time spent auto-exploring this place.
 F = Levels seen in this place.
 G = Mean time per level.
                   A        B        C        D        E       F      G
               +--------+--------+--------+--------+--------+-----+--------+
         Total |   8631 |   8294 |    337 |   2398 |   4340 |  10 |  863.1 |
       Dungeon |   8555 |   8222 |    333 |   2398 |   4289 |   9 |  950.6 |
        Temple |     75 |     71 |      4 |      0 |     51 |   1 |   75.0 |
               +--------+--------+--------+--------+--------+-----+--------+

Top non-repeatable levels by time:
     D:6: 1787 daAuts
     D:5: 1613 daAuts
     D:3: 1358 daAuts
     D:4: 1052 daAuts
     D:1: 891 daAuts
     D:2: 707 daAuts
     D:7: 514 daAuts
     D:9: 333 daAuts
     D:8: 297 daAuts
  Temple: 75 daAuts
